 Dungeon Crawl Stone Soup version 0.29.0-13-gc9e81de378 (webtiles) character file.

Game seed: 3707200703830154004

252 night the Slasher (level 6, -1/48 HPs)
             Began as a Merfolk Fighter on Sept 7, 2022.
             Was a Believer of Uskayaw.
             Slain by an orc
             ... wielding a +0 trident
              (7 damage)
             ... on level 4 of the Dungeon.
             The game lasted 00:03:59 (2794 turns).

night the Slasher (Merfolk Fighter)                 Turns: 2794, Time: 00:03:59

Health: -1/48      AC:  7    Str: 16    XL:     6   Next: 13%
Magic:  6/6        EV: 10    Int: 15    God:    Uskayaw [**....]
Gold:   181        SH: 10    Dex: 14    Spells: 5/5 levels left

rFire   . . .      SeeInvis .   a - +0 long sword
rCold   . . .      Faith    .   c - +0 buckler
rNeg    . . .      Spirit   .   b - +0 scale mail
rPois   .          Reflect  +   (no helmet)
rElec   .          Harm     .   (no cloak)
rCorr   .          Rampage  .   (no gloves)
Will    .....                   l - +0 pair of boots
Stlth   ..........              m - amulet of reflection
HPRegen 0.16/turn               f - +6 ring of intelligence
MPRegen 0.10/turn               i - ring of flight

@: mighty, flying
A: (nimble swimmer 2), mertail
a: Renounce Religion, Stomp, Line Pass


You were on level 4 of the Dungeon.
You worshipped Uskayaw.
Uskayaw was noncommittal.
You visited 1 branch of the dungeon, and saw 4 of its levels.

You collected 181 gold pieces.

Inventory:

Hand Weapons
 a - a +0 long sword (weapon)
Missiles
 e - 27 stones (quivered)
 g - 13 poisoned darts
Armour
 b - a +0 scale mail (worn)
 c - a +0 buckler (worn)
 l - a +0 pair of boots (worn)
Jewellery
 f - a +6 ring of intelligence (left hand)
 i - a ring of flight (right hand)
 m - an amulet of reflection (around neck)
 r - a +4 ring of protection
 s - a +4 ring of protection
Scrolls
 h - a scroll of noise {unknown}
 n - 6 scrolls of identify {unknown}
Potions
 j - a potion of brilliance {unknown}
 k - a potion of haste {unknown}
 o - 2 potions of degeneration {unknown}
 p - a potion of mutation {unknown}
 q - a potion of lignification {unknown}
 t - a potion of berserk rage {unknown}
 u - 2 potions of curing {unknown}


   Skills:
 + Level 4.1 Fighting
 * Level 4.8 Long Blades
 + Level 2.8 Armour
 + Level 2.8 Dodging
 + Level 3.8 Shields


You had 5 spell levels left.
You didn't know any spells.
Your spell library contained the following spells:

 Spells                   Type           Power      Damage    Failure   Level
 Foxfire                  Conj/Fire      0%         2x1d4     77%         1
 Conjure Flame            Conj/Fire      0%         6-21      98%         3
 Inner Flame              Hex/Fire       0%         N/A       98%         3
 Flame Wave               Conj/Fire      0%         2d4       100%        4


Dungeon Overview and Level Annotations

Branches:
Dungeon (4/15)
 Temple: D:4-7

Altars:
Nemelex Xobeh
Sif Muna
Uskayaw
Zin

Annotations:
D:4 Edmund


Innate Abilities, Weirdness & Mutations

((You are very nimble when in or above water. (Stealth+, EV+, Speed+++)))
Your lower body shifts to a powerful aquatic tail in water.


Message History

Edmund hits you with a +1 flail of protection.
* * * LOW HITPOINT WARNING * * *
The orc attacks as you move away! The orc barely misses you.
The orc attacks as you move away! You block the orc's attack.
The orc attacks as you move away! You block the orc's attack.
You slash the orc!
You kill the orc!
You closely miss the phantom. The phantom hits you.
* * * LOW HITPOINT WARNING * * *
You hit the phantom.
The phantom is lightly damaged.
The phantom barely misses you.
You miss the phantom.
The phantom is lightly damaged.
The phantom hits you.
* * * LOW HITPOINT WARNING * * *
The phantom blinks!
You blink.
The phantom hits you but does no damage.
The orc hits you but does no damage.
You are too injured to fight recklessly!
You are too injured to fight recklessly!
You slash the orc!
You kill the orc!
Edmund says, "People accused me of being a cutpurse!"
The phantom hits you.
* * * LOW HITPOINT WARNING * * *
The phantom blinks!
You blink.
The phantom attacks as you move away! The phantom closely misses you.
Found an escape hatch in the ceiling.
You closely miss the phantom. The phantom hits you.
* * * LOW HITPOINT WARNING * * *
The phantom blinks!
You blink.
You hit the phantom but do no damage.
The orc wizard casts a spell.
The orc wizard flickers and vanishes!
Deactivating autopickup; reactivate with Ctrl-A.
The phantom barely misses you.
You feel very mighty all of a sudden.
The orc hits you from afar with a +0 trident!
You die...

# # # # ##################
####@W...............
##....#o).............
##.##.†####.##############
.....>.).Jo........
##.##.##.##....###. .. ...
#.#####.# ...#.. ..# .# ##
#. #### # <.


You could see a phantom and an orc.

Vanquished Creatures
  A scorpion (D:4)
  A hound (D:3)
  A gnoll bouda (D:4)
  3 gnolls (D:4)
  2 adders (D:3)
  2 worms
  A dart slug (D:2)
  8 orcs (D:4)
  3 ball pythons
  6 endoplasms
  6 giant cockroaches
  5 goblins
  7 hobgoblins
  3 jackals (D:1)
  2 kobolds
  2 quokkas
  5 bats
  2 frilled lizards
  5 rats
65 creatures vanquished.

Notes
Turn   | Place    | Note
-------+----------+-------------------------------------------
     0 | D:1      | night the Merfolk Fighter began the quest for the Orb.
     0 | D:1      | Reached XP level 1. HP: 18/18 MP: 1/1
   121 | D:1      | Found a faded altar of an unknown god.
   135 | D:1      | Reached XP level 2. HP: 23/24 MP: 2/2
   146 | D:1      | Prayed at the altar of an unknown god.
   146 | D:1      | Became a worshipper of Sif Muna the Loreminder
   146 | D:1      | Reached * piety under Sif Muna
   282 | D:1      | Reached skill level 1 in Dodging
   566 | D:1      | You fall into a shaft and drop 1 floor!
   645 | D:2      | Reached XP level 3. HP: 25/29 MP: 3/3
   800 | D:2      | Found a hide-covered altar of Uskayaw.
   813 | D:2      | Fell from the grace of Sif Muna
   813 | D:2      | Became a worshipper of Uskayaw the Reveller
  1032 | D:2      | Reached * piety under Uskayaw
  1550 | D:3      | Found a sparkling altar of Nemelex Xobeh.
  1633 | D:3      | Reached ** piety under Uskayaw
  1634 | D:3      | Reached XP level 4. HP: 29/36 MP: 4/4
  1945 | D:3      | Found a glowing silver altar of Zin.
  2129 | D:3      | Reached skill level 2 in Dodging
  2307 | D:4      | Reached XP level 5. HP: 41/42 MP: 5/5
  2311 | D:4      | Reached *** piety under Uskayaw
  2318 | D:4      | Reached **** piety under Uskayaw
  2674 | D:4      | Reached XP level 6. HP: 48/48 MP: 6/6
  2774 | D:4      | Noticed Edmund
  2792 | D:4      | HP: 6/48 [phantom (5)]
  2794 | D:4      | Slain by an orc

Illustrated notes

Levels and vault maps discovered:
D:1:      psy_arrival_terrarium, layout_basic,
          hellmonk_ecumenical_altar_dog_temple
D:2:      layout_basic, basic_altar
D:3:      layout_loops_ring, zin_academy, mainiacjoe_overflow_cross_hatched,
          minivault_5
D:4:      layout_basic, uniq_edmund, uniq_blork_the_orc

Skill      XL: |  1  2  3  4  5 |
---------------+----------------+-----
Long Blades    | 3 4 |  4.8
Dodging        | 1 2 |  2.8
Fighting       | 4 |  4.1
Armour         | |  2.8
Shields        | |  3.8

Action                   |  1- 3 |  4- 6 || total
-------------------------+-------+-------++-------
Melee: Long sword        |   118 |    90 ||   208
Invok: Stomp             |       |     1 ||     1
  Use: Potion            |       |     1 ||     1
 Stab: Paralysed         |       |     1 ||     1
Armor: Scale mail        |    41 |    21 ||    62
Dodge: Dodged            |    45 |    40 ||    85
Block: Buckler           |    41 |    53 ||    94
       Reflection        |     1 |       ||     1
